 Dungeon Crawl Stone Soup version 0.30-a0-165-g1891117ce2 (webtiles) character file.

Game seed: 18411268789653707331

261 qw the Chopper (level 6, -11/38 HPs)
             Began as a Gargoyle Fighter on Sept 28, 2022.
             Mangled by an ogre
             ... wielding a +0 giant club
              (25 damage)
             ... on level 4 of the Dungeon.
             The game lasted 00:01:13 (3846 turns).

qw the Chopper (Gargoyle Fighter)                   Turns: 3846, Time: 00:01:14

Health: -11/38     AC: 15    Str: 22    XL:     6   Next: 18%
Magic:  6/6        EV: 13    Int:  8    God:
Gold:   191        SH:  4    Dex:  9    Spells: 5/5 levels left

rFire   . . .      SeeInvis .    Y - +1 war axe
rCold   . . .      Faith    .    c - +0 buckler
rNeg    + + .      Spirit   .    b - +0 scale mail
rPois   inf        Reflect  .    i - +0 helmet
rElec   +          Harm     .    f - +1 cloak of Starlight {*Dazzle EV+4 Stlth--}
rCorr   .          Rampage  .    (no gloves)
Will    .....                    h - +0 pair of boots
Stlth   ..........               (no amulet)
HPRegen 0.12/turn                n - ring of positive energy
MPRegen 0.10/turn                (no ring)

@: no status effects
A: sickness immunity, AC +4, negative energy resistance 1, electricity
resistance, torment resistance 1, petrification resistance
a: no special abilities


You were on level 4 of the Dungeon.
You visited 1 branch of the dungeon, and saw 4 of its levels.

You collected 220 gold pieces.
You spent 29 gold pieces at shops.


Innate Abilities, Weirdness & Mutations

You are immune to sickness and miasma.
Your stone body is resilient. (AC +4)
You are immune to poison.
You resist negative energy. (rN+)
You are resistant to electric shocks. (rElec)
You are resistant to unholy torment.
You are immune to petrification.


   Skills:
 - Level 4.0 Fighting
 + Level 5.2 Axes
 - Level 3.2 Armour
 - Level 1.0 Dodging
 - Level 3.2 Shields


You had 5 spell levels left.
You didn't know any spells.
Your spell library was empty.

Inventory:

Hand Weapons
 g - a +0 whip
 Y - a +1 war axe (weapon)
Armour
 b - a +0 scale mail (worn)
 c - a +0 buckler (worn)
 f - the +1 cloak of Starlight (worn) {*Dazzle EV+4 Stlth--}
   (You acquired it on level 4 of the Dungeon)

   It may blind those who miss an attack against the wearer in melee combat.
   EV:        It affects your evasion (+4).
   Stlth:     It makes you much less stealthy.
 h - a +0 pair of boots (worn)
 i - a +0 helmet (worn)
Jewellery
 n - a ring of positive energy (left hand)
Scrolls
 e - a scroll of teleportation
 j - a scroll of magic mapping {unknown}
 r - 3 scrolls of identify
Potions
 a - a potion of lignification {unknown}
 d - a potion of might
 m - a potion of resistance
 p - a potion of curing
 q - a potion of heal wounds

Dungeon Overview and Level Annotations

Branches:
Dungeon (4/15)
 Temple: D:4-7

Altars:
Qazlal
Zin

Shops:
D:4 **


Message History

There is an entrance to Joire's CLEARANCE SALE! here.
A hobgoblin comes into view.
The hobgoblin shouts!
You barely miss the hobgoblin. The hobgoblin misses you.
The hobgoblin hits you.
You slash the hobgoblin!
You kill the hobgoblin!
You start resting.
HP restored.
r - 3 scrolls of identify (gained 1)
A hound comes into view.
The hound barks!
You hear a shout!
An ogre comes into view. It is wielding a +0 giant club.
You see here a potion of might.
Enter note: You closely miss the hound.
The hound closely misses you. You block the hound's attack.
You barely miss the hound.
An endoplasm comes into view.
The hound misses you. x2
The endoplasm quivers.
You hit the hound.
The hound is lightly wounded.
The hound bites you.
You completely miss the hound.
The hound is lightly wounded.
You barely miss the ogre. The hound bites you. The hound closely misses you.
You block the ogre's attack.
You closely miss the hound.
The hound is lightly wounded.
You barely miss the ogre. The hound bites you but does no damage.
You block the hound's attack. The ogre hits you with a +0 giant club!
You barely miss the hound. You completely miss the ogre. The hound bites you.
The hound bites you but does no damage.
You closely miss the hound. You hit the ogre. The hound closely misses you.
The ogre hits you with a +0 giant club!!
Ouch! That really hurt!
You die...

#......# ..
##......###...
#.........#...
#####............ ###.
................ #.#.
.........J.".... .....
##.......h......
....##.......@O......
#..#..#...#......###..
.#..##...##........##.
...##\...\#............
##..##.....#............
8##..#\.}.\#.......##...
..#..#.....#............
>.#..#\...\#....##......
.....##...##....##.....


You could see an ogre, a hound and an endoplasm.

Vanquished Creatures
  A scorpion (D:3)
  A hound (D:3)
  Jessica (D:3)
  Ijyb (D:3)
  5 adders
  2 worms
  5 dart slugs
  7 bats
  4 endoplasms
  A giant cockroach (D:3)
  6 goblins
  7 hobgoblins
  7 kobolds
  5 quokkas
  3 ball pythons
  3 frilled lizards (D:1)
  4 rats
63 creatures vanquished.

Notes
Turn   | Place    | Note
-------+----------+-------------------------------------------
     0 | D:1      | qw the Gargoyle Fighter began the quest for the Orb.
     0 | D:1      | Reached XP level 1. HP: 14/14 MP: 1/1
     0 | D:1      | 0 ||| qw: Version: 0.2-a-12-gaebbb33
     0 | D:1      | 0 ||| qw: Game counter: 859
     0 | D:1      | 0 ||| qw: Always use a shield: true
     0 | D:1      | 0 ||| qw: God list: Okawaru
     0 | D:1      | 0 ||| qw: Allow faded altars: false
     0 | D:1      | 0 ||| qw: Do Orc after D:15 true
     0 | D:1      | 0 ||| qw: Do second Lair branch before Depths: true
     0 | D:1      | 0 ||| qw: Lair rune preference: random
     0 | D:1      | 0 ||| qw: Plans: Normal, Zot:1-4, God:TSO, Crypt, Tomb,
                  | Pan, Slime:5, Hells, Abyss, Orb
     0 | D:1      | 0 ||| PLANNING D:1-11
   165 | D:1      | Reached skill level 2 in Axes
   210 | D:1      | Reached XP level 2. HP: 19/19 MP: 2/2
   249 | D:1      | 249 ||| Stepping ~*~*~tactically~*~*~ (hiding).
   820 | D:1      | 820 ||| Stepping ~*~*~tactically~*~*~ (hiding).
   821 | D:1      | 821 ||| Stepping ~*~*~tactically~*~*~ (hiding).
   994 | D:1      | 994 ||| UPGRADING to +0 helmet.
   999 | D:1      | 999 ||| UPGRADING to ring of positive energy.
  1000 | D:1      | 1000 ||| READING scroll labelled PAFE HESEGH.
  1001 | D:1      | 1001 ||| READING scroll labelled JARERPH SOCI.
  1006 | D:1      | 1006 ||| READING 2 scrolls labelled TIETAI IS TIM.
  1007 | D:1      | 1007 ||| READING scroll labelled ENUCLI OGOUMM.
  1007 | D:1      | Identified a scroll of acquirement
  1007 | D:1      | 1007 ||| ACQUIRING +1 cloak of Forking Paths {*Slow Str+6}
  1007 | D:1      | Acquired the +1 cloak of Forking Paths {*Slow Str+6}
  1009 | D:1      | 1009 ||| UPGRADING to +1 cloak of Forking Paths {*Slow
                  | Str+6}.
  1014 | D:1      | 1014 ||| READING scroll labelled YHEALAINNY.
  1015 | D:1      | 1015 ||| DROPPING scroll of immolation.
  1073 | D:2      | Reached skill level 3 in Axes
  1108 | D:2      | 1108 ||| Stepping ~*~*~tactically~*~*~ (hiding).
  1113 | D:2      | Reached XP level 3. HP: 23/23 MP: 3/3
  1552 | D:2      | Found a glowing silver altar of Zin.
  2065 | D:2      | Found a faded altar of an unknown god.
  2079 | D:2      | Reached XP level 4. HP: 28/28 MP: 4/4
  2163 | D:2      | 2163 ||| UPGRADING to +0 pair of boots.
  2168 | D:2      | 2168 ||| READING scroll labelled KEIRAL IKKOFOD.
  2169 | D:2      | 2169 ||| DRINKING 2 lumpy orange potions.
  2170 | D:2      | 2170 ||| READING 3 scrolls of identify.
  2170 | D:2      | 2170 ||| IDENTIFYING glowing sapphire potion
  2171 | D:2      | 2171 ||| READING 2 scrolls of identify.
  2171 | D:2      | 2171 ||| IDENTIFYING grey potion
  2172 | D:2      | 2172 ||| DROPPING potion of berserk rage.
  2173 | D:2      | 2173 ||| DROPPING potion of ambrosia.
  2174 | D:2      | 2174 ||| DROPPING potion of flight.
  2366 | D:3      | Reached skill level 4 in Axes
  2453 | D:3      | Noticed a scorpion
  2457 | D:3      | Killed a scorpion
  2458 | D:3      | Reached XP level 5. HP: 32/32 MP: 5/5
  2549 | D:3      | Reached skill level 5 in Axes
  2568 | D:3      | Noticed Ijyb
  2576 | D:3      | Paralysed by Ijyb for 2 turns
  2578 | D:3      | Killed Ijyb
  2579 | D:3      | Reached skill level 1 in Dodging
  2983 | D:3      | Found a stormy altar of Qazlal.
  3043 | D:3      | Noticed Jessica
  3059 | D:3      | Killed Jessica
  3060 | D:3      | Reached XP level 6. HP: 33/38 MP: 6/6
  3146 | D:3      | 3146 ||| Stepping ~*~*~tactically~*~*~ (stealth).
  3147 | D:3      | 3147 ||| Stepping ~*~*~tactically~*~*~ (stealth).
  3436 | D:3      | 3436 ||| Stepping ~*~*~tactically~*~*~ (stealth).
  3437 | D:3      | 3437 ||| Stepping ~*~*~tactically~*~*~ (stealth).
  3592 | D:3      | 3592 ||| READING scroll labelled INAIMA VYGHUIXT.
  3651 | D:3      | 3651 ||| READING scroll labelled PEOTID KI RISUY.
  3652 | D:3      | 3652 ||| DRINKING 2 murky emerald potions.
  3653 | D:3      | 3653 ||| READING 3 scrolls of identify.
  3653 | D:3      | 3653 ||| IDENTIFYING silvery potion
  3654 | D:3      | 3654 ||| READING 2 scrolls of identify.
  3654 | D:3      | 3654 ||| IDENTIFYING murky dark potion
  3655 | D:3      | 3655 ||| DROPPING potion of invisibility.
  3713 | D:4      | 3713 ||| Stepping ~*~*~tactically~*~*~ (stealth).
  3714 | D:4      | 3714 ||| Stepping ~*~*~tactically~*~*~ (stealth).
  3715 | D:4      | 3715 ||| READING scroll of acquirement.
  3715 | D:4      | 3715 ||| ACQUIRING +1 cloak of Starlight {*Dazzle EV+4
                  | Stlth--}
  3715 | D:4      | Acquired the +1 cloak of Starlight {*Dazzle EV+4 Stlth--}
  3715 | D:4      | Found the +1 cloak of Starlight {*Dazzle EV+4 Stlth--}
  3717 | D:4      | 3717 ||| UPGRADING to +1 cloak of Starlight {*Dazzle EV+4
                  | Stlth--}.
  3727 | D:4      | 3727 ||| DROPPING +1 cloak of Forking Paths {*Slow Str+6}.
  3757 | D:4      | Found Joire's CLEARANCE SALE!.
  3759 | D:4      | Found Zets's Assorted Antiques.
  3776 | D:4      | 3776 ||| BUYING scroll labelled PIODOH UCECHO (29 gold).
  3776 | D:4      | Bought a scroll labelled PIODOH UCECHO for 29 gold pieces
  3776 | D:4      | 3776 ||| SHOPLISTING scroll of enchant weapon (217 gold,
                  | have 191).
  3846 | D:4      | Mangled by an ogre

Levels and vault maps discovered:
D:1:      reono_arrival_forest_river, layout_loops_corners, minmay_distorted
D:2:      layout_basic, hellmonk_ecumenical_altar_lost_god, basic_altar
D:3:      minmay_door_path, layout_loops_corners,
          nicolae_qazlal_scattered_showers, serial_rivers,
          chequers_serial_rivers_large_b, chequers_serial_rivers_micro_e,
          chequers_serial_rivers_small_a, chequers_serial_rivers_small_a,
          chequers_serial_rivers_large_a, chequers_serial_rivers_small_3,
          uniq_jessica, uniq_ijyb
D:4:      layout_cave_pools, serial_shops, nicolae_stop_n_shop_2,
          nicolae_shop_waterfront, shop_coins, nicolae_shop_clearance

Skill      XL: |  1  2  3  4  5 |
---------------+----------------+-----
Axes           | 2 3 4 5 |  5.2
Dodging        | 1 |  1.0
Fighting       | 4 |  4.0
Armour         | |  3.2
Shields        | |  3.2

Action                   |  1- 3 |  4- 6 || total
-------------------------+-------+-------++-------
Melee: War axe           |    82 |   125 ||   207
  Use: Scroll            |     5 |     8 ||    13
       Potion            |       |     2 ||     2
Armor: Scale mail        |    35 |    70 ||   105
Dodge: Dodged            |    26 |    43 ||    69
Block: Buckler           |    13 |    24 ||    37

Table legend:
 A = Non-vault XP
 B = Vault XP
 C = Vault XP percentage of total XP
 D = Non-vault monster count
 E = Vault monster count
 F = Vault count percentage of total count
                 A         B        C        D         E       F
            +---------+---------+-------+---------+---------+-------
      Total |     214 |     160 |  42.8 |      59 |       4 |   6.3
            +---------+---------+-------+---------+---------+-------
        D:1 |      29 |       0 |   0.0 |      16 |       0 |   0.0
        D:2 |      53 |       0 |   0.0 |      16 |       0 |   0.0
        D:3 |     121 |     160 |  56.9 |      22 |       4 |  15.4
        D:4 |      11 |       0 |   0.0 |       5 |       0 |   0.0
            +---------+---------+-------+---------+---------+-------
